 Dungeon Crawl Stone Soup version 0.28-a0-1080-g05a166d0ed (webtiles) character file.

Game seed: 793967815953117597

8670 ryw the Frost Mage (level 11, -14/63 HPs)
             Began as a Kobold Ice Elementalist on Dec 9, 2021.
             Was a Believer of Qazlal.
             Demolished by Snorg (16 damage)
             ... on level 11 of the Dungeon on Dec 10, 2021.
             The game lasted 00:56:48 (15962 turns).

ryw the Frost Mage (Kobold Ice Elementalist)       Turns: 15962, Time: 00:56:48

Health: -14/63     AC: 15    Str:  6    XL:     11   Next: 60%
Magic:  7/22       EV: 19    Int: 21    God:    Qazlal [**....]
Gold:   591        SH:  7    Dex: 15    Spells: 11/25 levels left

rFire   x . .      SeeInvis .   h - +4 whip (vamp)
rCold   + . .      Faith    .   (shield restricted)
rNeg    . . .      Spirit   .   a - +0 robe
rPois   .          Reflect  +   c - +1 helmet
rElec   .          Harm     .   k - +0 cloak
rCorr   .          Rampage  .   (no gloves)
Will    +....                   (no boots)
Stlth   +++.......              d - amulet of reflection
HPRegen 0.20/turn               e - ring of ice
MPRegen 0.18/turn               i - ring of willpower

@: ice-armoured, very slightly contaminated
A: small, no large weapons, nightstalker 3
a: Renounce Religion, Upheaval


You were on level 11 of the Dungeon.
You worshipped Qazlal.
Qazlal was pleased with you.
You visited 1 branch of the dungeon, and saw 11 of its levels.

You collected 591 gold pieces.

Inventory:

Hand Weapons
 b - the +6 quarterstaff of the Tooth {venom, *Slow Fly rPois rF-}
   (You found it on level 10 of the Dungeon)

   It poisons the flesh of those it strikes.
   rF:        It makes you vulnerable to fire.
   rPois:     It protects you from poison.
   Fly:       It grants you flight.
   *Slow:     It may slow you when you take damage.
 h - a +4 vampiric whip (weapon)
 t - the +4 shortbow "Jamnifou" {vorpal, Str+3}
   (You found it on level 10 of the Dungeon)

   Any ammunition fired from it inflicts extra damage upon your enemies.
   Str:       It affects your strength (+3).
Armour
 a - a +0 robe (worn)
 c - a +1 helmet (worn)
 j - a +2 leather armour of poison resistance
 k - a +0 cloak (worn)
Jewellery
 d - an amulet of reflection (around neck)
 e - a ring of ice (left hand)
 i - a ring of willpower (right hand)
 p - a ring of positive energy
 q - an amulet of faith
 y - a ring of poison resistance
Wands
 f - a wand of polymorph (17)
 s - a wand of paralysis (5)
 w - a wand of iceblast (6)
Scrolls
 m - 10 scrolls of identify
Potions
 g - 4 potions of curing {unknown}
 l - a potion of mutation {unknown}
 n - 2 potions of brilliance {unknown}
 r - a potion of flight {unknown}
 u - a potion of ambrosia {unknown}
 v - a potion of lignification {unknown}
 x - a potion of heal wounds


   Skills:
 - Level 5.0 Fighting
 - Level 1.1 Short Blades
 - Level 5.3 Maces & Flails
 + Level 8.8 Dodging
 - Level 2.6 Stealth
 + Level 7.5 Spellcasting
 - Level 5.0 Conjurations
 + Level 2.9 Summonings
 * Level 11.1 Ice Magic


You had 11 spell levels left.
You knew the following spells:

 Your Spells              Type           Power      Damage    Failure   Level
a - Freeze                Ice            100%       1d11      1%          1
b - Frozen Ramparts       Ice            100%       1d12      1%          3
c - Ozocubu's Armour      Ice            69%        N/A       1%          3
d - Hailstorm             Conj/Ice       58%        3d13      3%          4
e - Call Canine Familiar  Summ           20%        N/A       8%          3

Your spell library contained the following spells:

 Spells                   Type           Power      Damage    Failure   Level
 Ensorcelled Hibernation  Hex/Ice        92%        N/A       1%          2
 Static Discharge         Conj/Air       18%        N/A       4%          2
 Animate Skeleton         Necr           14%        N/A       9%          1
 Apportation              Tloc           14%        N/A       9%          1
 Slow                     Hex            28%        N/A       9%          1
 Corpse Rot               Necr/Air       14%        N/A       13%         2
 Sublimation of Blood     Necr           7%         N/A       13%         2
 Metabolic Englaciation   Hex/Ice        23%        N/A       24%         5
 Confusing Touch          Hex            7%         N/A       26%         3
 Portal Projectile        Hex/Tloc       14%        N/A       26%         3
 Teleport Other           Tloc           7%         N/A       26%         3
 Tukima's Dance           Hex            7%         N/A       26%         3
 Sticky Flame             Conj/Fire      18%        2d4       30%         4
 Iskenderun's Battlesphe  Conj           28%        2d8       30%         5
 Dispel Undead            Necr           7%         3d8       63%         4
 Leda's Liquefaction      Hex/Erth       3%         N/A       63%         4
 Fireball                 Conj/Fire      9%         3d6       63%         5
 Summon Forest            Summ/Tloc      7%         N/A       77%         5
 Simulacrum               Ice/Necr       23%        N/A       78%         6
 Yara's Violent Unravell  Hex/Tmut       3%         3d4       93%         5
 Conjure Ball Lightning   Conj/Air       9%         3x3d6     99%         6
 Dispersal                Tloc           3%         N/A       100%        6
 Orb of Destruction       Conj           14%        9d7       100%        7


Dungeon Overview and Level Annotations

Branches:
Dungeon (11/15)            Temple (0/1) D:6            Lair (0/6) D:8
    Orc (0/2) D:9

Altars:
Cheibriados
Elyvilon
Hepliaklqana
Kikubaaqudgha
Nemelex Xobeh
Qazlal
Sif Muna

Shops:
D:3 !   D:4 (   D:5 *   D:6 ***:

Annotations:
D:11 Snorg


Innate Abilities, Weirdness & Mutations

You are small and have problems with some larger weapons.
You are completely attuned to the shadows.


Message History

A manticore comes into view.
Press: ? - help, v - describe, . - travel, g - get item
Here: Snorg (moderately wounded, berserk)
Items here: a +0 club; an orc corpse.
The floor.
Unknown command.
As you read the scroll of fear, it crumbles to dust.
You assume a fearsome visage.
Snorg is unaffected.
The manticore looks frightened!
The frozen ramparts melt away.
Snorg closely misses you. You block Snorg's attack. x2
Unknown command.
You feel much better. Snorg bites you! Snorg claws you but does no damage.
Snorg barely misses you. Snorg closely misses you. Snorg claws you!
You block Snorg's attack.
Unknown command.
Okay, then.
Unknown command.
Unknown command.
Unknown command.
Hit: h) +4 whip (vamp)
Press: ? - help, Dir - move target, f/p - Snorg
Aim: Snorg (moderately wounded, berserk, about 33% to evade your +4 vampiric whip)
Okay, then.
Unknown command.
Aiming: Paralyse
Press: ? - help, Shift-Dir - straight line, f/p - Snorg
Aim: Snorg (moderately wounded, berserk, chance to affect: 15%) Snorg resists with almost no effort.
Snorg bites you.
* * * LOW HITPOINT WARNING * * *
Snorg claws you.
* * * LOW HITPOINT WARNING * * *
Snorg claws you!
* * * LOW HITPOINT WARNING * * *
Unknown command.
Aiming: Paralyse
Press: ? - help, Shift-Dir - straight line, f/p - Snorg
Aim: Snorg (sparse dust, moderately wounded, berserk, chance to affect: 15%) Snorg resists with almost no effort.
Snorg completely misses you.
Snorg claws you but does no damage. x2; Snorg bites you!
You die...

.........
......#.#
.........
.........
......###
.........
.....###.
#...†T....
#...#@####
# #...#.#
#.#...#.#
#.......#
###.####
##...#
...>..###
........#
........#


You could see Snorg (berserk).

Vanquished Creatures
  A boulder beetle (D:11)
  Pikel (D:7)
  An ugly thing (D:7)
  A komodo dragon (D:8)
  A kobold demonologist (D:10)
  A merfolk (shapeshifter) (D:10)
  A troll (D:11)
  2 wraiths
  A vampire (D:10)
  6 yaks (D:8)
  A steam dragon (D:8)
  4 water moccasins
  8 orc warriors
  A necrophage (D:6)
  5 black bears (D:8)
  5 ogres
  6 centaurs
  2 lemures (D:7)
  2 phantoms
  2 bullfrogs
  2 kobold brigands
  2 scorpions
  2 water moccasin skeletons
  8 killer bees (D:9)
  2 vampire bats (D:7)
  An electric eel (D:9)
  A jelly (D:7)
  7 orc priests
  4 hounds
  Crazy Yiuf (D:2)
  An iguana (D:6)
  Terence (D:3)
  11 orc wizards
  A scorpion zombie (D:5)
  A hound skeleton (D:4)
  Robin (D:4)
  6 gnolls
  12 adders
  A white imp (D:7)
  2 worms
  A dart slug (D:3)
  36 orcs
  3 bat skeletons (D:7)
  A bat zombie (D:7)
  7 endoplasms
  3 giant cockroaches
  19 goblins
  9 hobgoblins
  2 jackals (D:2)
  3 quokkas
  6 ball pythons
  8 bats
  4 frilled lizards
  9 kobolds
  4 rats
234 creatures vanquished.

Vanquished Creatures (collateral kills)
  A wraith (D:11)
  A howler monkey zombie (D:10)
2 creatures vanquished.

Vanquished Creatures (others)
  31 fungi (D:8)
  41 plants
72 creatures vanquished.

Grand Total: 308 creatures vanquished

Notes
Turn   | Place    | Note
-------+----------+-------------------------------------------
     0 | D:1      | ryw the Kobold Ice Elementalist began the quest for the
                  | Orb.
     0 | D:1      | Reached XP level 1. HP: 10/10 MP: 3/3
   249 | D:1      | Reached XP level 2. HP: 15/15 MP: 1/5
   625 | D:1      | Reached skill level 1 in Short Blades
   832 | D:1      | Reached XP level 3. HP: 19/19 MP: 4/6
   915 | D:1      | Learned a level 3 spell: Frozen Ramparts
  1448 | D:2      | Reached XP level 4. HP: 11/24 MP: 1/8
  1784 | D:2      | Learned a level 3 spell: Ozocubu's Armour
  1892 | D:2      | Found a faded altar of an unknown god.
  1998 | D:2      | Reached skill level 1 in Maces & Flails
  2001 | D:2      | Reached XP level 5. HP: 19/28 MP: 2/9
  2207 | D:2      | Found a runed translucent door.
  2210 | D:2      | Noticed Crazy Yiuf
  2218 | D:2      | Killed Crazy Yiuf
  2219 | D:2      | Reached skill level 5 in Ice Magic
  3407 | D:3      | Found Nif Etuf's Distillery.
  3465 | D:3      | Reached XP level 6. HP: 24/32 MP: 5/10
  3562 | D:3      | Noticed Terence
  3566 | D:3      | Killed Terence
  3850 | D:4      | Noticed Robin
  4363 | D:4      | Found Qypyedgh's Weapon Shop.
  4437 | D:4      | Noticed an orc warrior
  4442 | D:4      | Killed an orc warrior
  4443 | D:4      | Reached skill level 1 in Fighting
  4443 | D:4      | Reached XP level 7. HP: 38/38 MP: 1/12
  4532 | D:4      | Reached skill level 6 in Ice Magic
  4741 | D:4      | Found a stormy altar of Qazlal.
  4757 | D:4      | Killed Robin
  5057 | D:4      | Became a worshipper of Qazlal Stormbringer
  5157 | D:5      | Entered Level 5 of the Dungeon
  5215 | D:5      | Found a sparkling altar of Nemelex Xobeh.
  5657 | D:5      | Found Fysaurokk's Assorted Antiques.
  6084 | D:5      | Found a white marble altar of Elyvilon.
  6128 | D:5      | Reached XP level 8. HP: 42/44 MP: 13/13
  6570 | D:5      | Learned a level 4 spell: Hailstorm
  6596 | D:6      | Found Lutteuna's General Store.
  6669 | D:6      | Reached skill level 5 in Dodging
  6669 | D:6      | Reached skill level 7 in Ice Magic
  7090 | D:6      | Found Hosej's Book Shoppe.
  7123 | D:6      | Found Buughumo's Assorted Antiques.
  7330 | D:6      | Reached skill level 1 in Conjurations
  8040 | D:6      | Reached XP level 9. HP: 51/51 MP: 11/16
  8098 | D:6      | Found Duot's General Store.
  8504 | D:6      | Found a staircase to the Ecumenical Temple.
  8657 | D:7      | You fall into a shaft and drop 3 floors!
  8657 | D:10     | Entered Level 10 of the Dungeon
  8675 | D:10     | Noticed a kobold demonologist
  8678 | D:10     | Noticed an orange demon
  8688 | D:10     | Killed a kobold demonologist
  8689 | D:10     | Reached skill level 5 in Spellcasting
  8689 | D:10     | Reached skill level 8 in Ice Magic
  9013 | D:10     | Identified the +6 quarterstaff of the Tooth {venom, *Slow
                  | Fly rPois rF-}
  9136 | D:8      | Found a snail-covered altar of Cheibriados.
  9270 | D:8      | Noticed a komodo dragon
  9291 | D:8      | Killed a komodo dragon
  9377 | D:8      | Reached XP level 10. HP: 58/58 MP: 8/18
  9501 | D:8      | Noticed a white ugly thing
  9804 | D:7      | Reached * piety under Qazlal
  9805 | D:7      | Reached skill level 5 in Fighting
 10044 | D:7      | Reached skill level 9 in Ice Magic
 10296 | D:7      | Noticed Pikel
 10329 | D:7      | Killed Pikel
 10330 | D:7      | Reached skill level 5 in Maces & Flails
 10549 | D:7      | Found an ancient bone altar of Kikubaaqudgha.
 11046 | D:8      | Identified a scroll of acquirement
 11046 | D:8      | Acquired Jitaoleuwu's Grimoire of Quantum Darkness
 11088 | D:7      | Killed a purple ugly thing
 11628 | D:8      | Reached skill level 10 in Ice Magic
 11739 | D:8      | Reached XP level 11. HP: 39/63 MP: 16/20
 12106 | D:8      | Found a staircase to the Lair.
 12224 | D:8      | Found a shimmering blue altar of Sif Muna.
 12229 | D:8      | Learned a level 3 spell: Call Canine Familiar
 12237 | D:8      | Found a hazy altar of Hepliaklqana.
 12789 | D:9      | Reached skill level 5 in Conjurations
 12796 | D:9      | Reached ** piety under Qazlal
 12797 | D:9      | Reached skill level 1 in Summonings
 13796 | D:9      | Found a staircase to the Orcish Mines.
 14129 | D:10     | Identified the +4 shortbow "Jamnifou" {vorpal, Str+3}
 15944 | D:11     | Noticed a boulder beetle
 15950 | D:11     | Noticed Snorg
 15953 | D:11     | Killed a boulder beetle
 15954 | D:11     | Reached skill level 11 in Ice Magic
 15958 | D:11     | Noticed a manticore
 15961 | D:11     | HP: 2/63 [Snorg (11)]
 15962 | D:11     | Demolished by Snorg

Illustrated notes

Levels and vault maps discovered:
D:1:      evilmike_arrival_hilbert_curve, layout_basic
D:2:      layout_basic, basic_ecumenical_altar, serial_bayou_pond_a,
          mrwooster_statue_mirror, minmay_pentomino_pile,
          uniq_crazy_yiuf_cottage
D:3:      layout_loops_corners, serial_shops, nicolae_shop_behind_doors,
          chequers_serial_rivers_small_a, minivault_24, st_stairs_14,
          uniq_terence
D:4:      layout_basic, grunt_qazlal_clouds, serial_shops, shop,
          minmay_small_thing, uniq_robin
D:5:      layout_cave_pools, nemelex_xobeh_ov_fountains_minmay,
          mainiacjoe_overflow_small_starburst, serial_shops,
          nicolae_take_the_stairs, minmay_ogre_servants
D:6:      layout_basic, temple_doors_e, serial_shops, shop, shop,
          nicolae_shop_behind_doors, nicolae_diamond_shop
D:7:      layout_basic, kennysheep_vampire_church, kennysheep_generic_room_7,
          uniq_pikel
D:8:      layout_basic, mainiacjoe_overflow_swirl, amcnicky_altar_gilded,
          due_lair_maze_entry_diamond
D:9:      layout_small_grid, erik_orc_2
D:10:     layout_long_grid, chequers_decorated_corner, minivault_14
D:11:     layout_loops_cross, nicolae_vehumet_radiance, uniq_snorg, uniq_sonja,
          uniq_josephine

Skill      XL: |  1  2  3  4  5  6  7  8  9 10 11 |
---------------+----------------------------------+-----
Short Blades   | 1 |  1.1
Dodging        | 3 4 5 6 7 8 |  8.8
Maces & Flails | 1 2 3 4 5 |  5.3
Ice Magic      | 5 6 7 8 10 11 | 11.1
Spellcasting   | 3 4 5 6 7 |  7.5
Fighting       | 1 2 3 4 5 |  5.0
Conjurations   | 1 3 4 5 |  5.0
Summonings     | 2 |  2.9
Stealth        | |  2.6

Action                   |  1- 3 |  4- 6 |  7- 9 | 10-12 || total
-------------------------+-------+-------+-------+-------++-------
Melee: Short sword       |    31 |       |       |       ||    31
       Whip              |       |    61 |   181 |   206 ||   448
 Cast: Freeze            |    36 |    51 |    34 |    53 ||   174
       Frozen Ramparts   |       |     5 |    17 |    38 ||    60
       Ozocubu's Armour  |       |     1 |    19 |    12 ||    32
       Hailstorm         |       |       |     1 |       ||     1
       Call Canine Famil |       |       |       |    11 ||    11
Evoke: Wand              |       |       |       |     3 ||     3
  Use: Scroll            |       |     3 |     7 |     3 ||    13
       Potion            |       |       |     2 |     1 ||     3
 Stab: Sleeping          |     9 |    15 |    10 |       ||    34
       Distracted        |       |     1 |       |     1 ||     2
Armor: Robe              |    14 |    12 |    57 |    53 ||   136
Dodge: Dodged            |    56 |    70 |   176 |   218 ||   520
Block: Other             |       |       |    35 |    91 ||   126
       Reflection        |       |       |     1 |     7 ||     8

Table legend: (Time is in decaauts)
 A = Elapsed time spent in this place.
 B = Non-inter-level travel time spent in this place.
 C = Inter-level travel time spent in this place.
 D = Time resting spent in this place.
 E = Time spent auto-exploring this place.
 F = Levels seen in this place.
 G = Mean time per level.
                   A        B        C        D        E       F      G
               +--------+--------+--------+--------+--------+-----+--------+
         Total |  15954 |  15384 |    570 |   4475 |   8113 |  11 | 1450.4 |
       Dungeon |  15954 |  15384 |    570 |   4475 |   8113 |  11 | 1450.4 |
               +--------+--------+--------+--------+--------+-----+--------+

Top non-repeatable levels by time:
     D:6: 1924 daAuts
     D:9: 1830 daAuts
     D:8: 1798 daAuts
    D:10: 1784 daAuts
     D:2: 1525 daAuts
     D:7: 1503 daAuts
     D:5: 1453 daAuts
     D:3: 1337 daAuts
     D:4: 1307 daAuts
     D:1: 1055 daAuts
    D:11: 434 daAuts
